 Dungeon Crawl Stone Soup version 0.29.1-12-g30fa7ad0bf (webtiles) character file.

Game seed: 14891350524593102666

336 fantasyman the Slasher (level 6, 0/49 HPs)
             Began as a Barachi Fighter on Jan 7, 2023.
             Slain by an unseen horror (9 damage)
             ... on level 5 of the Dungeon.
             The game lasted 00:03:22 (4271 turns).

fantasyman the Slasher (Barachi Fighter)            Turns: 4271, Time: 00:03:23

Health: 0/49       AC:  8    Str: 19    XL:     6   Next: 54%
Magic:  6/6        EV:  9    Int:  8    God:
Gold:   188        SH:  5    Dex: 12    Spells: 5/5 levels left

rFire   . . .      SeeInvis .   a - +0 long sword
rCold   . . .      Faith    .   c - +0 buckler
rNeg    . . .      Spirit   .   b - +0 scale mail
rPois   .          Reflect  .   (no helmet)
rElec   .          Harm     .   (no cloak)
rCorr   .          Rampage  .   i - +0 pair of gloves
Will    .....                   (no boots)
Stlth   ..........              (no amulet)
HPRegen 0.16/turn               (no ring)
MPRegen 0.10/turn               (no ring)

@: slow
A: amphibious, slowness 1, strong legs 1, +LOS
a: Hop


You were on level 5 of the Dungeon.
You visited 1 branch of the dungeon, and saw 5 of its levels.

You collected 188 gold pieces.

Inventory:

Hand Weapons
 a - a +0 long sword (weapon)
Armour
 b - a +0 scale mail (worn)
 c - a +0 buckler (worn)
 i - a +0 pair of gloves (worn)
Jewellery
 h - a ring of poison resistance
 m - a ring of protection from cold
Scrolls
 e - a scroll of fear
 n - 2 scrolls of noise
 p - a scroll of blinking {unknown}
 q - a scroll of identify
Potions
 d - a potion of might
 f - a potion of flight
 g - 2 potions of heal wounds
 j - a potion of attraction
 k - a potion of resistance
 l - a potion of berserk rage
 o - a potion of lignification {unknown}
 r - a potion of mutation {unknown}
 s - a potion of cancellation {unknown}


   Skills:
 + Level 4.6 Fighting
 + Level 5.7 Long Blades
 + Level 5.3 Armour
 + Level 4.2 Shields


You had 5 spell levels left.
You didn't know any spells.
Your spell library was empty.

Dungeon Overview and Level Annotations

Branches:
Dungeon (5/15)
 Temple: D:4-7

Altars:
Elyvilon
Fedhas
Hepliaklqana
Kikubaaqudgha
Makhleb
Trog
Yredelemnul
The Shining One

Shops:
D:2 =   D:4 *


Innate Abilities, Weirdness & Mutations

You are amphibious.
You cover ground slowly.
You can hop short distances.
You have an extended range of vision and can be seen from far away.


Message History

Found an escape hatch in the ceiling.
Found 5 stones.
You now have 167 gold pieces (gained 13).
Found a stone staircase leading down.
s - a coppery potion
Found a mace.
You see here a +0 mace.
You now have 178 gold pieces (gained 11).
You now have 188 gold pieces (gained 10).
Something hits you.
Deactivating autopickup; reactivate with Ctrl-A.
There is a strange disturbance nearby!
There is a strange disturbance nearby!
There is a strange disturbance nearby!
No target in view!
No target in view!
There is a strange disturbance nearby!
No target in view!
No target in view!
You slash something! Something hits you. Something hits you!
You miss something. Something hits you but does no damage.
You barely miss something.
Something hits you but does no damage. x2
Something completely misses you. Something hits you but does no damage.
Something hits you. x2
Something hits you. Something completely misses you.
Something hits you but does no damage. Something hits you!
Something hits you. x2
* * * LOW HITPOINT WARNING * * *
Something hits you but does no damage. Something hits you but does no damage.
Something completely misses you.
You hit something. Something hits you.
* * * LOW HITPOINT WARNING * * *
Something hits you.
* * * LOW HITPOINT WARNING * * *
You block something's attack. Something hits you!
You die...

#.# #.# #.#.#.# #...# #.# #(#
#.#...# ##..# #####.######.#
#.##.## #..#
..........##.####.##.#######..#
#.............................#
#.#.....#.####.#####.########.#
........................# #.#
##......#......#####.##.#####.#
#..............@....##.......#
....#.##.......################
##.##.##.......# #.
#.##..#.##.# . ...........# #
.....!..#### ######.### ..#
####


There were no monsters in sight!

Vanquished Creatures
  A water moccasin (D:5)
  An ogre (D:4)
  8 adders
  2 worms
  A dart slug (D:1)
  2 orcs
  4 ball pythons
  6 endoplasms
  A giant cockroach (D:1)
  6 hobgoblins
  9 jackals
  2 quokkas
  5 bats
  4 frilled lizards
  4 goblins
  9 kobolds
  4 rats
69 creatures vanquished.

Notes
Turn   | Place    | Note
-------+----------+-------------------------------------------
     0 | D:1      | fantasyman the Barachi Fighter began the quest for the Orb.
     0 | D:1      | Reached XP level 1. HP: 18/18 MP: 1/1
   104 | D:1      | Reached XP level 2. HP: 20/25 MP: 2/2
   319 | D:1      | Found a faded altar of an unknown god.
   377 | D:1      | Reached XP level 3. HP: 8/30 MP: 3/3
  1578 | D:2      | Found a bloodstained altar of Trog.
  1868 | D:2      | Found Wecidy's Jewellery Shop.
  2068 | D:2      | Reached XP level 4. HP: 34/37 MP: 4/4
  2935 | D:3      | Reached XP level 5. HP: 39/42 MP: 5/5
  3209 | D:4      | Noticed an ogre
  3218 | D:4      | Killed an ogre
  3219 | D:4      | Reached skill level 5 in Long Blades
  3219 | D:4      | Reached skill level 5 in Armour
  3512 | D:4      | Found Syd Jaag's Assorted Antiques.
  3533 | D:5      | Entered Level 5 of the Dungeon
  3533 | D:5      | Found a white marble altar of Elyvilon.
  3533 | D:5      | Found a glowing golden altar of the Shining One.
  3533 | D:5      | Found a hazy altar of Hepliaklqana.
  3533 | D:5      | Found a burning altar of Makhleb.
  3533 | D:5      | Found an ancient bone altar of Kikubaaqudgha.
  3533 | D:5      | Found a basalt altar of Yredelemnul.
  3533 | D:5      | Found a blossoming altar of Fedhas.
  3537 | D:5      | Reached XP level 6. HP: 49/49 MP: 6/6
  3577 | D:5      | Noticed a water moccasin
  3591 | D:5      | Killed a water moccasin
  3599 | D:5      | HP: 2/49 [poisoned by a water moccasin]
  4271 | D:5      | Slain by an unseen horror

Illustrated notes

Levels and vault maps discovered:
D:1:      elethiomel_arrival_shortcut, layout_loops_ring,
          shapermc_ecumenical_altar_mp_highgroup
D:2:      layout_loops_ring, basic_altar, serial_shops,
          nicolae_shop_hallway_stairs
D:3:      layout_loops_cross, hangedman_decor_points
D:4:      layout_basic, mainiacjoe_overflow_swirl, serial_glass,
          glass_columns_a, glass_columns_a, glass_columns_a, glass_columns_a,
          serial_shops, nicolae_stop_n_shop_1, minmay_quadrilaterals,
          uniq_menkaure, uniq_blork_the_orc, uniq_ijyb
D:5:      layout_loops_ring, grunt_temple_overflow_open,
          minmay_temple_entry_offerings, minmay_ogre_servants

Skill      XL: |  1  2  3  4  5 |
---------------+----------------+-----
Armour         | 4 5 |  5.3
Long Blades    | 3 4 5 |  5.7
Fighting       | 4 |  4.6
Shields        | 4 |  4.2

Action                   |  1- 3 |  4- 6 || total
-------------------------+-------+-------++-------
Melee: Long sword        |   142 |    98 ||   240
 Abil: Hop               |     1 |       ||     1
  Use: Scroll            |       |     7 ||     7
       Potion            |       |     2 ||     2
Armor: Scale mail        |    74 |    49 ||   123
Dodge: Dodged            |    73 |    37 ||   110
Block: Buckler           |    50 |    23 ||    73
